 Dungeon Crawl Stone Soup version 0.19.5 (webtiles) character file.

10074 Peloso the Carver (level 11, 0/95 HPs)
             Began as a Minotaur Fighter on May 26, 2017.
             Was an Elder of Okawaru.
             Killed by static electricity
             ... invoked by an insubstantial wisp
              (9 damage)
             ... on level 11 of the Dungeon.
             The game lasted 00:28:28 (11372 turns).

Peloso the Carver (Minotaur Fighter)               Turns: 11372, Time: 00:28:29

Health: 0/95       AC: 17    Str: 23    XL:     11   Next: 31%
Magic:  0/10       EV:  7    Int:  9    God:    Okawaru [****..]
Gold:   776        SH: 12    Dex: 11    Spells: 0 memorised, 10 levels left

rFire  . . .     SeeInvis .     a - +0 long sword
rCold  . . .     Gourm    .     o - +1 plate armour
rNeg   . . .     Faith    .     c - +0 shield
rPois  .         Spirit   +     (helmet restricted)
rElec  .         Reflect  .     (no cloak)
rCorr  .         Harm     .     p - +0 pair of gloves
MR     .....                    (no boots)
Stlth  ..........               P - amulet of guardian spirit
                                H - +4 ring of intelligence
                                A - ring of stealth

@: no status effects
A: retaliatory headbutt, horns 2
a: Heroism, Renounce Religion


You were on level 11 of the Dungeon.
You worshipped Okawaru.
Okawaru was greatly pleased with you.
You were hungry.

You visited 2 branches of the dungeon, and saw 12 of its levels.
You also visited: Sewer and Ossuary.

You collected 776 gold pieces.

Inventory:

Hand Weapons
 a - a +0 long sword (weapon)
 e - a +1 dagger of flaming
 w - the +9 mace of Ru's Regard {drain, *Rage rC+ MR+}
   (You found it on level 4 of the Dungeon)

   A truly terrible weapon, it drains the life of those it strikes.
   It protects you from cold.
   It affects your resistance to hostile enchantments.
   It may make you go berserk in combat.
 B - a +2 battleaxe of flaming
Armour
 c - a +0 shield (worn)
 o - a +1 plate armour (worn)
 p - a +0 pair of gloves (worn)
Jewellery
 A - a ring of stealth (left hand)
 H - a +4 ring of intelligence (right hand)
 N - a +5 ring of intelligence
 P - an amulet of guardian spirit (around neck)
Wands
 q - a wand of paralysis (9/24)
Scrolls
 d - a scroll of fear
 l - 2 scrolls of amnesia
 r - 5 scrolls of teleportation
 t - a scroll of identify
 u - a scroll of magic mapping
 v - 4 scrolls of enchant armour
 y - 2 scrolls of remove curse
Potions
 g - 6 potions of flight
 j - 2 potions of brilliance
 k - a potion of cure mutation
 m - 5 potions of magic
 n - 3 potions of cancellation
 x - 6 potions of curing
 z - 4 potions of haste {unknown}
 C - a potion of lignification {unknown}
 D - 2 potions of resistance {unknown}
 E - 5 potions of heal wounds {unknown}
 F - 2 potions of might
 G - a potion of agility {unknown}
 I - 2 potions of ambrosia {unknown}
Books
 s - a book of Changes

   Spells                             Type                      Level
   a - Beastly Appendage              Transmutation                1
   b - Sticks to Snakes               Transmutation                2
   c - Spider Form                    Transmutation/Poison         3
   d - Ice Form                       Ice/Transmutation            4
   e - Blade Hands                    Transmutation                5
 K - a book of Flames

   Spells                             Type                      Level
   a - Flame Tongue                   Conjuration/Fire             1
   b - Throw Flame                    Conjuration/Fire             2
   c - Conjure Flame                  Conjuration/Fire             3
   d - Inner Flame                    Hexes/Fire                   3
   e - Sticky Flame                   Conjuration/Fire             4
   f - Fireball                       Conjuration/Fire             5
Miscellaneous
 L - a fan of gales
Comestibles
 b - 5 meat rations
 f - 15 bread rations
 h - 2 royal jellies
 i - 4 slices of pizza
 J - 7 fruits
 M - 2 beef jerkies


   Skills:
 + Level 8.7 Fighting
 + Level 12.3 Long Blades
 + Level 4.4 Maces & Flails
 + Level 10.1 Armour
 + Level 2.6 Dodging
 + Level 0.5 Stealth
 + Level 11.4 Shields
 + Level 0.4 Invocations


You had 10 spell levels left.
You didn't know any spells.

Dungeon Overview and Level Annotations

Branches:
Dungeon (11/15)            Temple (1/1) D:6            Lair (0/6) D:9
    Orc: D:9-12

Altars:
Ashenzari
Cheibriados
Dithmenos
Elyvilon
Fedhas
Gozag
Hepliaklqana
Kikubaaqudgha
Makhleb
Nemelex Xobeh
Okawaru
Qazlal
Ru
Sif Muna
Trog
Uskayaw
Vehumet
Xom
Yredelemnul
Zin
The Shining One

Shops:
D:6 [


Innate Abilities, Weirdness & Mutations

You reflexively headbutt those who attack you in melee.
You have a pair of horns on your head.


Message History

The insubstantial wisp is severely damaged.
The insubstantial wisp thrums sharply.
You are struck by lightning.
* * * LOW HITPOINT WARNING * * *
The lightning arcs!
Unknown command.
You don't have enough magic at the moment.
You miss the insubstantial wisp.
Your headbutt misses the insubstantial wisp.
The insubstantial wisp is severely damaged.
The insubstantial wisp hits you.
* * * LOW HITPOINT WARNING * * *
The insubstantial wisp completely misses you.
Unknown command.
You hit the insubstantial wisp but do no damage.
The insubstantial wisp is severely damaged.
The insubstantial wisp hits you but does no damage.
The insubstantial wisp thrums sharply.
You are struck by lightning.
You die...

#..≈≈≈.##$. #...≈≈.$..§
#(.#§§≈..≈≈§
#....§≈≈≈≈≈# #
#[≈...≈≈≈≈.. ##
#†#...#..#.. #.
#.##........# ##'
#....####..+##### ###..
####Yv@v........###.'..
######.......#...#..
#.......'.###..
#.......### #..
#.......# #.. #.......#
### #.......# #########


You could see a sky beast and 2 insubstantial wisps.

Vanquished Creatures
  An unseen horror (D:10)
  The ghost of Sarmenti the Cleaver, a novice FoFi (D:5)
  A cyclops (D:11)
  A gargoyle (D:11)
  2 trolls (D:10)
  3 hippogriffs
  A shadow (D:11)
  A wyvern (D:9)
  8 yaks
  A spriggan (D:9)
  A steam dragon (D:11)
  3 hungry ghosts
  A mottled dragon (D:11)
  2 hell hounds (D:9)
  An orc warrior (D:6)
  A sky beast (D:11)
  2 ice beasts
  2 black bears
  The ghost of Gitz the Shield-Bearer, an amateur HOFi (D:3)
  6 ogres
  2 eyes of draining (D:10)
  A phantom (D:9)
  9 centaurs
  2 big kobolds
  10 bullfrogs
  3 water moccasin zombies (Ossuary)
  3 scorpions
  3 killer bees (D:10)
  A howler monkey (D:5)
  A centaur zombie (D:10)
  5 crimson imps
  2 bullfrog zombies
  4 jellies
  A quasit (D:10)
  4 hounds
  7 orc priests
  3 orc wizards
  2 bullfrog skeletons
  Terence (D:3)
  6 iguanas
  5 worker ants
  2 big kobold zombies (Ossuary)
  2 mummies (Ossuary)
  A hound skeleton (D:10)
  11 adders
  A howler monkey skeleton (D:8)
  5 river rats
  3 shadow imps
  An ooze (Sewer)
  7 adder zombies (Ossuary)
  2 adder skeletons
  A worm (D:4)
  4 dart slugs
  7 leopard geckos
  28 orcs
  15 ball pythons
  6 giant cockroaches
  2 goblins
  7 hobgoblins
  5 jackals
  2 quokkas
  7 bats
  6 frilled lizards
  3 gnoll zombies (Ossuary)
  4 hobgoblin zombies (Ossuary)
  A jackal skeleton (D:6)
  A jackal zombie (D:8)
  16 kobolds
  6 kobold zombies (Ossuary)
  2 leopard gecko skeletons
  7 orc zombies (Ossuary)
  39 rats
319 creatures vanquished.

Vanquished Creatures (others)
  A sky beast (D:11)
1 creature vanquished.

Grand Total: 320 creatures vanquished

Notes
Turn   | Place    | Note
-------+----------+-------------------------------------------
     0 | D:1      | Peloso the Minotaur Fighter began the quest for the Orb.
     0 | D:1      | Reached XP level 1. HP: 19/19 MP: 0/0
   167 | D:1      | Reached XP level 2. HP: 24/27 MP: 1/1
   831 | D:2      | Reached XP level 3. HP: 31/33 MP: 2/2
   982 | D:2      | You fall through a shaft!
   982 | D:3      | Noticed Gitz's ghost (amateur HOFi)
  1145 | D:2      | Reached skill level 3 in Long Blades
  1269 | D:2      | Reached skill level 1 in Dodging
  1523 | D:3      | Reached XP level 4. HP: 18/40 MP: 3/3
  2106 | D:3      | Killed Gitz's ghost
  2106 | D:3      | Reached skill level 4 in Long Blades
  2106 | D:3      | Reached skill level 5 in Shields
  2106 | D:3      | Reached XP level 5. HP: 4/46 MP: 4/4
  2401 | D:3      | Noticed Terence
  2418 | D:3      | Killed Terence
  2419 | D:3      | Reached skill level 5 in Armour
  2421 | D:3      | Reached XP level 6. HP: 29/52 MP: 5/5
  2882 | D:4      | Got a fine mace
  2883 | D:4      | Identified the +9 mace of Ru's Regard {drain, *Rage rC+ MR+} (You found it on level 4 of the Dungeon)
  2941 | D:4      | Reached skill level 5 in Long Blades
  3052 | D:4      | Reached skill level 1 in Maces & Flails
  3097 | D:4      | Found a glowing drain.
  3106 | Sewer    | Entered a sewer
  3254 | Sewer    | Reached XP level 7. HP: 60/60 MP: 6/6
  3908 | D:5      | Entered Level 5 of the Dungeon
  4001 | D:5      | Found a sand-covered staircase.
  4024 | Ossuary  | Entered an ossuary
  4055 | Ossuary  | Reached skill level 5 in Fighting
  4128 | Ossuary  | Reached XP level 8. HP: 57/68 MP: 7/7
  4332 | D:5      | Noticed Sarmenti's ghost (novice FoFi)
  4345 | D:5      | Killed Sarmenti's ghost
  4345 | D:5      | Reached skill level 7 in Long Blades
  5094 | D:6      | Reached skill level 8 in Long Blades
  5163 | D:6      | Reached XP level 9. HP: 66/75 MP: 8/8
  5182 | D:6      | Reached skill level 9 in Long Blades
  5440 | D:6      | Found Loczenuwn's Antique Armour Shoppe.
  5741 | D:6      | Found a staircase to the Ecumenical Temple.
  5747 | Temple   | Entered the Ecumenical Temple
  5798 | Temple   | Became a worshipper of Warmaster Okawaru
  5969 | D:6      | Reached skill level 10 in Long Blades
  6106 | D:6      | Found a stormy altar of Qazlal.
  6173 | D:6      | Reached * piety under Okawaru
  6583 | D:7      | Reached XP level 10. HP: 82/86 MP: 9/9
  7764 | D:9      | Found a staircase to the Lair.
  7785 | D:9      | HP: 4/86 [hell hound/blast of flame (20)]
  7787 | D:9      | Reached ** piety under Okawaru
  7787 | D:9      | Reached skill level 11 in Long Blades
  8932 | D:10     | Entered Level 10 of the Dungeon
  9173 | D:10     | Reached skill level 10 in Shields
  9188 | D:10     | Reached *** piety under Okawaru
 10150 | D:10     | Reached skill level 12 in Long Blades
 10446 | D:10     | Reached **** piety under Okawaru
 10446 | D:10     | Reached XP level 11. HP: 55/95 MP: 10/10
 10514 | D:10     | Killed an unseen horror
 10944 | D:11     | Reached skill level 10 in Armour
 11372 | D:11     | Killed from afar by an insubstantial wisp

Skill      XL: |  1  2  3  4  5  6  7  8  9 10 11 |
---------------+----------------------------------+-----
Armour         | 4 5 6 7 9 10 | 10.1
Shields        | 4 5 6 7 9 10 11 | 11.4
Long Blades    | 3 4 5 8 10 12 | 12.3
Dodging        | 1 2 |  2.6
Fighting       | 4 5 6 7 8 |  8.7
Maces & Flails | 2 4 |  4.4
Stealth        | |  0.5
Invocations    | |  0.4

Action                   |  1- 3 |  4- 6 |  7- 9 | 10-12 || total
-------------------------+-------+-------+-------+-------++-------
Melee: Long sword        |   103 |    54 |   319 |   546 ||  1022
       Headbutt          |    16 |    22 |    88 |   106 ||   232
       Mace              |       |    91 |    58 |       ||   149
Invok: Heroism           |       |       |       |     5 ||     5
  Use: Scroll            |     3 |       |    11 |     6 ||    20
       Potion            |       |     3 |     2 |     3 ||     8
  Eat: Chunk             |     2 |     6 |    14 |    14 ||    36
       Beef jerky        |       |       |     1 |       ||     1
       Fruit             |       |       |       |     3 ||     3
Armor: Scale mail        |    29 |       |       |       ||    29
       Plate armour      |    32 |    97 |   217 |   258 ||   604
Dodge: Dodged            |    29 |    27 |    94 |   113 ||   263
Block: Shield            |    65 |    92 |   238 |   323 ||   718
       Rpst.: Long sword |     4 |     3 |    20 |    26 ||    53
